 Dungeon Crawl Stone Soup version 0.31.0-32-g396128a36d (webtiles) character file.

Game seed: 16125994481919134492

1717 DildoBatman the Conjurer (level 9, -4/68 HPs)
             Began as a Formicid Conjurer on Mar 10, 2024.
             Slain by a yak (7 damage)
             ... on level 6 of the Dungeon.
             The game lasted 00:12:10 (4674 turns).

DildoBatman the Conjurer (Formicid Conjurer)        Turns: 4674, Time: 00:12:10

Health: -4/68      AC:  7    Str: 19    XL:     9   Next: 24%
Magic:  1/18       EV: 12    Int: 22    God:
Gold:   181        SH:  5    Dex: 12    Spells: 17/20 levels left

rFire   x . .        e - +8 mace "Ixtarot" {pain, rF- rC- Str+7}
rCold   x . .        (no shield)
rNeg    + . .        h - +0 robe
rPois   .            (helmet unavailable)
rElec   .            n - +0 cloak
rCorr   .            (no gloves)
SInv    +            (no boots)
Will    .....        x - amulet of reflection
Stlth   ++           q - +4 ring of protection
HPRegen 0.31/turn    c - ring of positive energy
MPRegen 0.16/turn

%: reflection
@: no status effects
A: permanent stasis, dig shafts and tunnels, antennae 3, four strong arms
a: Dig, Shaft Self


You were on level 6 of the Dungeon.
You visited 1 branch of the dungeon, and saw 6 of its levels.

You collected 181 gold pieces.

Inventory:

Hand Weapons
 a - a +2 dagger of venom
 d - a +1 whip of electrocution
 e - the +8 mace "Ixtarot" (weapon) {pain, rF- rC- Str+7}
   (You found it on level 5 of the Dungeon)

   Str+7:     It affects your strength (+7).
   rF-:       It makes you vulnerable to fire.
   rC-:       It makes you vulnerable to cold.
Missiles
 w - 2 poisoned darts
 B - 2 boomerangs
Armour
 h - a +0 robe (worn)
 n - a +0 cloak (worn)
 p - the +3 ring mail "Omej" {rN++}
   (You found it on level 3 of the Dungeon)

   rN++:      It greatly protects you from negative energy.
Jewellery
 c - a ring of positive energy (right hand)
 q - a +4 ring of protection (left hand)
 x - an amulet of reflection (around neck)
Wands
 z - a wand of flame (31)
 C - a wand of charming (5)
Scrolls
 i - a scroll of acquirement {unknown}
 l - a scroll of enchant armour {unknown}
 s - a scroll of summoning
 t - 2 scrolls of fear
 u - a scroll of blinking {unknown}
 v - a scroll of brand weapon
 y - a scroll of immolation {unknown}
 D - a scroll of enchant weapon
 E - a scroll of vulnerability {unknown}
Potions
 b - 2 potions of magic
 f - 2 potions of ambrosia {unknown}
 g - a potion of mutation {unknown}
 k - 3 potions of degeneration {unknown}
 m - 3 potions of enlightenment {unknown}
 o - a potion of haste {unknown}
 r - a potion of heal wounds {unknown}
 A - a potion of cancellation {unknown}
 F - a potion of might {unknown}


   Skills:
 * Level 5.1 Fighting
 - Level 2.0 Maces & Flails
 * Level 5.1 Armour
 * Level 3.1 Dodging
 - Level 4.0 Stealth
 - Level 6.0 Spellcasting
 - Level 6.0 Conjurations


You had 17 spell levels left.
You knew the following spells:

 Your Spells              Type           Power      Damage    Failure   Level
a - Searing Ray           Conj           66%        2d6       1%          2
c - Magic Dart            Conj           100%       1d8       1%          1

Your spell library contained the following spells:

 Spells                   Type           Power      Damage    Failure   Level
 Shock                    Conj/Air       76%        1d7       2%          1
 Sting                    Conj/Alch      76%        1d7       2%          1
 Mercury Vapours          Alch/Air       12%        N/A       14%         2
 Fulminant Prism          Conj/Alch      9%         3d7       26%         4
 Iskenderun's Mystic Bla  Conj/Tloc      19%        2d6       26%         4
 Airstrike                Air            3%         2d(1-17)  65%         4
 Olgreb's Toxic Radiance  Alch           6%         N/A       65%         4
 Swiftness                Air            Unusable   N/A       N/A         3

Dungeon Overview and Level Annotations

Branches:
Dungeon (6/15)
 Temple: D:4-7

Altars:
Cheibriados
Yredelemnul

Shops:
D:1 *

Annotations:
D:4 Natasha
D:5 3 runed translucent doors, fedepesso's ghost, amateur DEHs
D:6 exclusions: 2 orcs, orc priest and orc wizard, Blork the orc; Edmund


Innate Abilities, Weirdness & Mutations

You cannot be hasted, slowed, berserked, paralysed or teleported.
You can dig through walls and to a lower floor.
You have a pair of large antennae on your head. (SInv)
Your four strong arms can wield two-handed weapons with a shield.


Message History

You sock the yak!
The yak is moderately wounded.
The yak gores you.
You completely miss the yak.
The yak is moderately wounded.
The yak gores you!
You barely miss the yak.
The yak is moderately wounded.
The yak gores you but does no damage. The yak closely misses you.
You thump the yak!
The yak is severely wounded.
The yak gores you!
Casting: Searing Ray (safe; 1% risk of failure)
Confirm with . or Enter, or press ? or * to list all spells.
Aiming: Searing Ray (safe; 1% risk of failure)
Press: ? - help, Shift-Dir - straight line, f - yak
Aim: a yak (severely wounded, 88% to hit)
The searing ray hits the yak!
The yak is almost dead.
The searing ray hits the yak.
The yak is lightly wounded. (Press . to maintain the ray.)
You block the yak's attack.
You barely miss the yak.
The yak is almost dead.
The yak gores you!
You sock the yak!
You kill the yak!
Training target 6.0 for Spellcasting reached!
Your Spellcasting skill increases to level 6!
You need to enable at least one skill for training.
You hit the yak.
The yak is lightly wounded.
The yak barely misses you. The yak closely misses you.
You hit the yak.
The yak is moderately wounded.
The yak gores you!
You die...

#.#....#.#~###~...
#.###.....~~~~~.<.
#.# #.........##.#
#.# #........)##..
#.# #..........!.#
#.# #.........#..#
#.# #.........#...
#Y# #...........##
##@###.....[.......
#.......##.#......#
#.....####.#.#.##.#
#...#......#.#.# .
###)#####....# #
#.# ##.... #.# #.#
##.##.# #.####
#..#..


You could see a yak.

Vanquished Creatures
  5 yaks (D:6)
  A black bear (D:6)
  An ice beast (D:5)
  2 ogres (D:5)
  2 phantoms (D:4)
  A bombardier beetle (D:4)
  A jelly (D:5)
  3 hounds
  An orc priest (D:5)
  An iguana (D:6)
  2 orc wizards
  7 gnolls
  6 adders
  A white imp (D:6)
  2 ufetubi (D:5)
  5 dart slugs
  A ribbon worm (D:2)
  10 orcs
  9 endoplasms
  5 giant cockroaches
  10 goblins
  4 hobgoblins
  6 jackals
  2 quokkas
  6 ball pythons
  6 bats
  2 frilled lizards
  6 kobolds
  7 rats
115 creatures vanquished.

Notes
Turn   | Place    | Note
-------+----------+-------------------------------------------
     0 | D:1      | DildoBatman the Formicid Conjurer began the quest for the
                  | Orb.
     0 | D:1      | Reached XP level 1. HP: 13/13 MP: 3/3
   216 | D:1      | Reached XP level 2. HP: 19/19 MP: 1/5
   219 | D:1      | Learned a level 2 spell: Searing Ray
   404 | D:1      | Found a faded altar of an unknown god.
   407 | D:1      | Reached XP level 3. HP: 23/25 MP: 3/6
   418 | D:1      | Reached skill level 1 in Fighting
   507 | D:1      | Found Yffigus's General Store.
   750 | D:2      | Reached skill level 1 in Armour
   761 | D:2      | Reached XP level 4. HP: 29/32 MP: 4/8
  1145 | D:2      | Reached XP level 5. HP: 33/37 MP: 9/9
  1737 | D:3      | Identified the +3 ring mail "Omej" {rN++}
  2369 | D:4      | Noticed a phantom
  2427 | D:4      | Noticed Natasha
  2465 | D:4      | Reached XP level 6. HP: 44/44 MP: 4/10
  3199 | D:4      | Reached XP level 7. HP: 38/51 MP: 1/12
  3267 | D:5      | Entered Level 5 of the Dungeon
  3404 | D:5      | Found a basalt altar of Yredelemnul.
  3405 | D:5      | Found a snail-covered altar of Cheibriados.
  3615 | D:5      | Identified the +8 mace "Ixtarot" {pain, rF- rC- Str+7}
  3683 | D:5      | Found a runed translucent gate.
  3683 | D:5      | Found a runed translucent gate.
  3683 | D:5      | Found a runed translucent gate.
  3686 | D:5      | Noticed fedepesso's ghost (amateur DEHs)
  3732 | D:5      | Reached skill level 1 in Maces & Flails
  3749 | D:5      | Reached skill level 5 in Conjurations
  3749 | D:5      | Reached XP level 8. HP: 55/59 MP: 3/14
  4106 | D:6      | Noticed a yak
  4106 | D:6      | Noticed a yak
  4258 | D:6      | Noticed Edmund
  4519 | D:6      | Noticed Blork the orc
  4639 | D:6      | Noticed a yak
  4640 | D:6      | Noticed a yak
  4640 | D:6      | Noticed a yak
  4640 | D:6      | Noticed a yak
  4658 | D:6      | Killed a yak
  4659 | D:6      | Killed a yak
  4660 | D:6      | Reached skill level 5 in Spellcasting
  4663 | D:6      | Killed a yak
  4664 | D:6      | Reached skill level 5 in Fighting
  4664 | D:6      | Reached skill level 5 in Armour
  4664 | D:6      | Reached XP level 9. HP: 47/68 MP: 1/16
  4671 | D:6      | HP: 2/68 [yak (11)]
  4674 | D:6      | Slain by a yak

Illustrated notes

Levels and vault maps discovered:
D:1:      minmay_arrival_checkered_box, layout_rooms, serial_shops, shop,
          ebering_ecumenical_altar_sacrificial
D:2:      layout_basic
D:3:      layout_basic
D:4:      layout_gridville, uniq_natasha
D:5:      layout_basic, nicolae_overflow_squiral, gammafunk_ghost_nasty_kobolds
D:6:      layout_rooms, kennysheep_mini_moat, uniq_edmund, uniq_blork_the_orc

Skill      XL: |  1  2  3  4  5  6  7  8  9 |
---------------+----------------------------+-----
Dodging        | 2 3 |  3.1
Fighting       | 1 2 3 5 |  5.1
Armour         | 1 2 3 5 |  5.1
Stealth        | 3 4 |  4.0
Conjurations   | 4 5 6 |  6.0
Spellcasting   | 3 4 5 6 |  6.0
Maces & Flails | 1 2 |  2.0

Action                     |  1- 3 |  4- 6 |  7- 9 || total
---------------------------+-------+-------+-------++-------
  Melee: Whip              |    10 |       |     1 ||    11
         Dagger            |    31 |   136 |     6 ||   173
         Mace              |       |       |    27 ||    27
   Cast: Magic Dart        |    34 |     5 |    16 ||    55
         Searing Ray       |       |     8 |    17 ||    25
    Use: Scroll            |       |     1 |     4 ||     5
   Stab: Sleeping          |     4 |     7 |       ||    11
 Armour: Robe              |    17 |    79 |    23 ||   119
         Ring mail         |       |       |    15 ||    15
  Dodge: Dodged            |    14 |    75 |    27 ||   116
  Block: Other             |       |     3 |    11 ||    14
